 Dungeon Crawl Stone Soup version 0.20.2-3-g29329e0561 (webtiles) character file.

546 Alfie the Shield-Bearer (level 7, -4/60 HPs)
             Began as a Hill Orc Fighter on Sept 4, 2023.
             Splashed by a jelly's acid (7 damage)
             ... on level 5 of the Dungeon.
             The game lasted 00:08:22 (2466 turns).

Alfie the Shield-Bearer (Hill Orc Fighter)          Turns: 2466, Time: 00:08:25

Health: -4/60      AC: -7    Str: 21    XL:     7   Next: 28%
Magic:  7/7        EV:  8    Int:  8    God:
Gold:   207        SH: 10    Dex: 10    Spells: 6/6 levels left

rFire    . . .     SeeInvis .   a - +2 rapier
rCold    . . .     Gourm    .   c - +0 shield
rNeg     . . .     Faith    .   b - +1 scale mail
rPois    .         Spirit   .   (no helmet)
rElec    .         Reflect  .   (no cloak)
rCorr    .         Harm     .   (no gloves)
MR       .....                  (no boots)
Stlth    ..........             (no amulet)
Regen    0.2/turn               (no ring)
MPRegen  0.1/turn               (no ring)

@: corroded
A: no striking features
a: no special abilities


You were on level 5 of the Dungeon.
You were not hungry.

You visited 1 branch of the dungeon, and saw 5 of its levels.

You collected 207 gold pieces.

Inventory:

Hand Weapons
 a - a +2 rapier (weapon)
Missiles
 q - 5 tomahawks (quivered)
Armour
 b - a +1 scale mail (worn)
 c - a +0 shield (worn)
Jewellery
 e - an uncursed ring of fire
 m - a +3 ring of evasion {unknown}
 u - a cursed -3 ring of intelligence {unknown}
Scrolls
 l - 2 scrolls of teleportation
 p - 2 scrolls of remove curse
 w - a scroll of magic mapping {unknown}
Potions
 d - a potion of might
 h - 2 potions of brilliance {unknown}
 i - 2 potions of flight {unknown}
 j - a potion of cancellation {unknown}
 o - 2 potions of agility
 r - a potion of mutation {unknown}
 s - a potion of heal wounds {unknown}
 t - a potion of haste {unknown}
 v - a potion of lignification {unknown}
 x - a potion of curing
Books
 n - a book of Misfortune

   Spells                             Type                      Level
   a - Confusing Touch                Hexes                        1
   b - Confuse                        Hexes                        3
   c - Gell's Gravitas                Translocation                3
   d - Petrify                        Transmutation/Earth          4
   e - Metabolic Englaciation         Hexes/Ice                    5
   f - Yara's Violent Unravelling     Hexes/Transmutation          5
Comestibles
 f - 3 bread rations
 g - 2 meat rations
 k - a royal jelly


   Skills:
 + Level 4.8 Fighting
 + Level 4.9 Short Blades
 + Level 4.4 Armour
 + Level 1.1 Dodging
 + Level 5.5 Shields


You had 6 spell levels left.
You didn't know any spells.

Dungeon Overview and Level Annotations

Branches:
Dungeon (5/15)
 Temple: D:4-7

Altars:
Kikubaaqudgha


Message History

You block the jelly's attack.
You hit the jelly.
Your hands burn!
The jelly is almost dead.
You block the jelly's attack.
You hit the jelly. The acid corrodes you!
Your hands burn!
The jelly is almost dead.
The jelly hits you. The acid corrodes you!
You are splashed with acid!
The acid burns!
* * * LOW HITPOINT WARNING * * *
You hit the jelly but do no damage.
Your hands burn!
* * * LOW HITPOINT WARNING * * *
The jelly is almost dead.
You block the jelly's attack.
You hit the jelly but do no damage.
Your hands burn!
* * * LOW HITPOINT WARNING * * *
The jelly is almost dead.
The jelly hits you.
* * * LOW HITPOINT WARNING * * *
The acid corrodes you!
You are splashed with acid!
The acid burns!
You die...

#######
#####.....####
#####.............
#@................
#J###.............
#.#.....#.........
..#.###.#.######..
.#... #.#.........
..#.# #.#.........
.. ..#
..#.........
..#...# .........
........


You could see a jelly.

Vanquished Creatures
  Edmund (D:5)
  The ghost of Alfie the Skirmisher, an amateur HOFi (D:3)
  Blork the orc (D:5)
  2 hounds
  An orc priest (D:3)
  An orc wizard (D:3)
  6 adders
  A shadow imp (D:5)
  An ooze (D:3)
  3 worms
  5 dart slugs
  A leopard gecko (D:3)
  7 orcs
  2 giant cockroaches
  6 goblins
  6 hobgoblins
  3 jackals (D:1)
  5 quokkas
  11 bats
  6 frilled lizards
  A jackal skeleton (D:4)
  7 kobolds
  8 rats
86 creatures vanquished.

Vanquished Creatures (others)
  A human (D:3)
1 creature vanquished.

Grand Total: 87 creatures vanquished

Notes
Turn   | Place    | Note
-------+----------+-------------------------------------------
     0 | D:1      | Alfie the Hill Orc Fighter began the quest for the Orb.
     0 | D:1      | Reached XP level 1. HP: 19/19 MP: 1/1
    99 | D:1      | Reached XP level 2. HP: 24/27 MP: 2/2
   495 | D:1      | Reached XP level 3. HP: 33/33 MP: 3/3
  1094 | D:2      | Reached XP level 4. HP: 26/41 MP: 4/4
  1138 | D:3      | Reached skill level 4 in Shields
  1246 | D:3      | Noticed Alfie's ghost (amateur HOFi)
  1260 | D:3      | Killed Alfie's ghost
  1260 | D:3      | Reached XP level 5. HP: 11/47 MP: 5/5
  1402 | D:3      | Reached XP level 6. HP: 12/53 MP: 6/6
  1503 | D:3      | Found an ancient bone altar of Kikubaaqudgha.
  1506 | D:3      | Noticed a human
  1506 | D:3      | Killed a human
  2323 | D:5      | Entered Level 5 of the Dungeon
  2346 | D:5      | Noticed Edmund
  2353 | D:5      | Reached skill level 1 in Dodging
  2380 | D:5      | Killed Edmund
  2380 | D:5      | Reached skill level 5 in Shields
  2380 | D:5      | Reached XP level 7. HP: 36/60 MP: 7/7
  2389 | D:5      | Noticed Blork the orc
  2405 | D:5      | Killed Blork the orc
  2466 | D:5      | HP: 3/60 [jelly (2)]
  2466 | D:5      | Splashed by a jelly's acid

Skill      XL: |  1  2  3  4  5  6 |
---------------+-------------------+-----
Fighting       | 4 |  4.8
Shields        | 4 5 |  5.5
Short Blades   | 3 4 |  4.9
Armour         | 4 |  4.4
Dodging        | 1 |  1.1

Action                   |  1- 3 |  4- 6 |  7- 9 || total
-------------------------+-------+-------+-------++-------
Melee: Rapier            |   142 |   158 |    16 ||   316
  Use: Scroll            |     1 |     5 |       ||     6
       Potion            |       |     2 |       ||     2
  Eat: Fruit             |     1 |     3 |       ||     4
       Royal jelly       |       |     1 |       ||     1
Armor: Scale mail        |    73 |    62 |     4 ||   139
Dodge: Dodged            |    49 |    35 |     3 ||    87
Block: Shield            |    67 |    76 |     8 ||   151
